 Dungeon Crawl Stone Soup version 0.23.2-1-ga50397a6bc (webtiles) character file.

Game seed: 8695594973879796769

971 Mrkan the Grappler (level 7, 0/67 HPs)
             Began as a Troll Monk on May 14, 2019.
             Slain by a centaur (7 damage)
             ... on level 5 of the Dungeon.
             The game lasted 00:07:39 (3619 turns).

Mrkan the Grappler (Troll Monk)                     Turns: 3619, Time: 00:07:39

Health: 0/67       AC:  6    Str: 20    XL:     7   Next: 94%
Magic:  6/6        EV: 10    Int:  8    God:
Gold:   99         SH:  0    Dex: 12    Spells: 6/6 levels left

rFire    . . .     SeeInvis .     - Unarmed
rCold    . . .     Gourm    +   (no shield)
rNeg     . . .     Faith    .   a - +0 robe
rPois    .         Spirit   .   (helmet restricted)
rElec    .         Reflect  .   (no cloak)
rCorr    .         Harm     .   (gloves unavailable)
MR       .....                  (boots unavailable)
Stlth    ++........             (no amulet)
HPRegen  0.61/turn              (no ring)
MPRegen  0.10/turn              (no ring)

@: no status effects
A: large, unfitting armour, claws 3, fast metabolism 3, gourmand, regeneration
1, shaggy fur 1, tough skin 3
a: no special abilities


You were on level 5 of the Dungeon.
You were hungry.

You visited 1 branch of the dungeon, and saw 5 of its levels.

You collected 99 gold pieces.

Inventory:

Hand Weapons
 i - a +1 mace of crushing
 m - a +4 quarterstaff of chaos
 y - the +5 falchion of Corruption {pain, -Tele Int+5, unknown}
   (You found it on level 5 of the Dungeon)

   In the hands of one skilled in necromantic magic, it inflicts extra damage on
   living creatures.
   It affects your intelligence (+5).
   It prevents most forms of teleportation.
Missiles
 p - 25 poisoned needles
Armour
 a - a +0 robe (worn)
 j - a +0 animal skin
 n - a +0 cloak
Jewellery
 s - an uncursed ring of wizardry {unknown}
Wands
 u - a wand of acid (7)
 x - a wand of flame (17)
Scrolls
 c - 3 scrolls of identify {unknown}
 d - a scroll of noise {unknown}
 f - a scroll of remove curse {unknown}
 g - 3 scrolls of fog {unknown}
 l - a scroll of immolation {unknown}
 o - 2 scrolls of teleportation {unknown}
 q - a scroll of fear {unknown}
 t - a scroll of enchant armour {unknown}
 v - a scroll of magic mapping {unknown}
Potions
 e - 4 potions of flight {unknown}
 h - a potion of cancellation {unknown}
 k - a potion of might {unknown}
 r - a potion of curing {unknown}
 w - a potion of heal wounds {unknown}
Comestibles
 b - 8 rations


   Skills:
 + Level 3.4 Fighting
 - Level 2.4 Dodging
 - Level 1.0 Stealth
 * Level 9.2 Unarmed Combat


You had 6 spell levels left.
You didn't know any spells.
Your spell library was empty.

Dungeon Overview and Level Annotations

Branches:
Dungeon (5/15)
 Temple: D:4-7

Altars:
Yredelemnul


Innate Abilities, Weirdness & Mutations

You are too large for most types of armour.
You have claws for hands.
Your metabolism is lightning-fast.
You like to eat raw meat.
Your natural rate of healing is unusually fast.
You are covered in fur. (AC +1)
You have extremely tough skin. (AC +3)


Message History

The centaur hits you!
* * * LOW HITPOINT WARNING * * *
Grinder hits you.
* * * LOW HITPOINT WARNING * * *
You can move again.
You completely miss Grinder.
Grinder is heavily wounded.
The centaur completely misses you. Grinder closely misses you.
The centaur barely misses you.
You scratch Grinder.
Grinder is severely wounded.
The centaur hits you but does no damage.
Grinder hits you but does no damage.
You closely miss Grinder. You claw Grinder!
You kill Grinder!
Your Unarmed Combat skill increases to level 9!
The centaur hits you but does no damage.
Unknown command.
The centaur hits you!
You die...

.#.## # ....#
###. .### #
.....# ###...
...### #
......# #.....
.....# ######
.....## .....8#
#8..... #.....
......#
#....?.#......#
#.#### .....##
#....8....# #.#
# .....#
#.....# #.# #
...#.# #.c@..#
#.# # ##...##
#.# ## #..(#
#.# #. ##.##
#.# #. #.# #.#
#) #.######†#
#.# #.
.........# #.#
#. #.######.#
####.###.
..#####.##
#........


You could see a centaur.

Vanquished Creatures
  Grinder (D:5)
  An ogre (D:4)
  A phantom (D:5)
  Blork the orc (D:4)
  A bullfrog (D:5)
  A howler monkey (D:4)
  A crimson imp (D:5)
  An orc priest (D:4)
  2 orc wizards (D:4)
  Crazy Yiuf (D:2)
  A bullfrog skeleton (D:5)
  An iguana (D:5)
  3 worker ants (D:4)
  Robin (D:2)
  7 adders
  An ooze (D:2)
  4 worms
  5 dart slugs
  2 leopard geckos
  6 orcs
  A giant cockroach (D:1)
  17 goblins
  8 hobgoblins
  2 jackals (D:5)
  A kobold (D:2)
  3 quokkas
  3 bats
  4 frilled lizards
  A leopard gecko skeleton (D:4)
  8 rats
  A spectral orc (D:2)
91 creatures vanquished.

Notes
Turn   | Place    | Note
-------+----------+-------------------------------------------
     0 | D:1      | Mrkan the Troll Monk began the quest for the Orb.
     0 | D:1      | Reached XP level 1. HP: 22/22 MP: 0/0
   390 | D:1      | Reached XP level 2. HP: 29/29 MP: 1/1
   528 | D:1      | You fall through a shaft!
   565 | D:2      | Reached XP level 3. HP: 36/36 MP: 2/2
   819 | D:2      | Found a runed translucent door.
   820 | D:2      | Noticed Crazy Yiuf
  1053 | D:2      | Reached skill level 4 in Unarmed Combat
  1109 | D:2      | Noticed Robin
  1183 | D:2      | Killed Robin
  1193 | D:2      | Paralysed by fainting for 12 turns
  1257 | D:2      | Reached XP level 4. HP: 44/44 MP: 3/3
  1416 | D:2      | Found a basalt altar of Yredelemnul.
  1608 | D:2      | Killed Crazy Yiuf
  1691 | D:3      | Reached skill level 5 in Unarmed Combat
  1862 | D:3      | Reached XP level 5. HP: 53/53 MP: 4/4
  2612 | D:4      | Reached skill level 6 in Unarmed Combat
  2846 | D:4      | Reached XP level 6. HP: 43/61 MP: 5/5
  2967 | D:4      | Reached skill level 7 in Unarmed Combat
  2985 | D:4      | Noticed Blork the orc
  3034 | D:4      | Killed Blork the orc
  3034 | D:4      | Reached XP level 7. HP: 23/67 MP: 6/6
  3433 | D:5      | Entered Level 5 of the Dungeon
  3468 | D:5      | Reached skill level 8 in Unarmed Combat
  3546 | D:5      | Got a shimmering falchion
  3600 | D:5      | Noticed Grinder
  3609 | D:5      | Paralysed by Grinder for 6 turns
  3618 | D:5      | Killed Grinder
  3618 | D:5      | Reached skill level 9 in Unarmed Combat
  3619 | D:5      | Slain by a centaur

Skill      XL: |  1  2  3  4  5  6  7 |
---------------+----------------------+-----
Unarmed Combat | 4 5 6 7 9 |  9.2
Fighting       | 3 |  3.4
Dodging        | |  2.4
Stealth        | |  1.0

Action                   |  1- 3 |  4- 6 |  7- 9 || total
-------------------------+-------+-------+-------++-------
Melee: Unarmed           |    90 |   134 |    38 ||   262
       Punch             |     1 |     3 |     2 ||     6
 Stab: Sleeping          |     3 |     1 |       ||     4
       Distracted        |       |     1 |       ||     1
  Eat: Chunk             |     2 |    14 |       ||    16
       Ration            |     2 |     1 |     1 ||     4
Armor: Robe              |    42 |    38 |    14 ||    94
Dodge: Dodged            |    51 |    56 |    18 ||   125
